 Dungeon Crawl Stone Soup version 0.27.0-65-ge2af304b15 (webtiles) character file.

Game seed: 10264964235691353118

5969 pkoi the Grappler (level 10, 0/93 HPs)
             Began as a Troll Gladiator on Aug 18, 2021.
             Was a Believer of Dithmenos.
             Slain by a centaur warrior (10 damage)
             ... on level 8 of the Dungeon.
             The game lasted 00:08:12 (7003 turns).

pkoi the Grappler (Troll Gladiator)                 Turns: 7003, Time: 00:08:13

Health: 0/93       AC:  7    Str: 33    XL:     10   Next: 55%
Magic:  9/9        EV: 10    Int:  4    God:    Dithmenos [**....]
Gold:   478        SH:  0    Dex:  6    Spells: 9/9 levels left

rFire    . . .     SeeInvis .     - Unarmed
rCold    . . .     Faith    .   (no shield)
rNeg     . . .     Spirit   .   p - +1 robe of Fuaceblu {Will+ Str+6 Dex-5}
rPois    .         Reflect  .   b - +1 hat
rElec    .         Harm     .   s - +0 cloak
rCorr    .         Rampage  .   (gloves unavailable)
Will     +....                  (boots unavailable)
Stlth    +.........             (no amulet)
HPRegen  1.25/turn              (no ring)
MPRegen  0.11/turn              (no ring)

@: wreathed by umbra
A: large, unfitting armour, claws 3, regeneration 1, shaggy fur 1, tough skin 1
a: Renounce Religion, Shadow Step


You were on level 8 of the Dungeon.
You worshipped Dithmenos.
Dithmenos was pleased with you.
You visited 2 branches of the dungeon, and saw 9 of its levels.
You also visited: Sewer.

You collected 631 gold pieces.
You spent 153 gold pieces at shops.

Inventory:

Missiles
 c - 3 throwing nets
 j - 5 javelins (quivered)
Armour
 b - a +1 hat (worn)
 m - a +0 troll leather armour {Purgy}
 p - the +1 robe of Fuaceblu (worn) {Will+ Str+6 Dex-5}
   (You bought it in a shop on level 1 of the Dungeon)

   Str:       It affects your strength (+6).
   Dex:       It affects your dexterity (-5).
   Will:      It increases your willpower.
 s - a +0 cloak (worn)
Jewellery
 a - a +4 ring of protection
 d - a +4 ring of protection
 h - a ring of see invisible
 n - a ring of protection from fire
Wands
 k - a wand of acid (13)
Scrolls
 f - 6 scrolls of identify
 q - 3 scrolls of teleportation
Potions
 e - 2 potions of brilliance {unknown}
 g - a potion of attraction
 i - 2 potions of heal wounds {unknown}
 l - a potion of magic {unknown}
 o - a potion of might {unknown}
 r - 3 potions of degeneration {unknown}
 u - a potion of mutation {unknown}
 w - 2 potions of ambrosia {unknown}


   Skills:
 + Level 4.3 Fighting
 + Level 4.7 Throwing
 + Level 3.8 Armour
 + Level 4.8 Dodging
 - Level 1.2 Stealth
 + Level 12.4 Unarmed Combat


You had 9 spell levels left.
You didn't know any spells.
Your spell library contained the following spells:

 Spells                   Type           Power      Damage    Failure   Level
 Magic Dart               Conj           0%         1d3       50%         1
 Call Imp                 Summ           0%         N/A       65%         2
 Call Canine Familiar     Summ           0%         N/A       86%         3
 Mephitic Cloud           Conj/Pois/Air  0%         N/A       86%         3
 Ozocubu's Armour         Ice            0%         N/A       86%         3
 Portal Projectile        Hex/Tloc       0%         N/A       86%         3
 Leda's Liquefaction      Hex/Erth       0%         N/A       99%         4
 Olgreb's Toxic Radiance  Pois           0%         N/A       99%         4
 Ozocubu's Refrigeration  Ice            0%         4d5       100%        7
 Ignition                 Fire           0%         3d3       100%        8


Dungeon Overview and Level Annotations

Branches:
Dungeon (8/15)             Temple (1/1) D:4            Lair (0/6) D:8
  Sewer (visited)

Altars:
Ashenzari
Cheibriados
Dithmenos
Elyvilon
Gozag
Hepliaklqana
Kikubaaqudgha
Makhleb
Nemelex Xobeh
Okawaru
Qazlal
Ru
Sif Muna
Trog
Vehumet
Xom
Yredelemnul
Zin
The Shining One

Shops:
D:1 [


Innate Abilities, Weirdness & Mutations

You are too large for most types of armour.
You have claws for hands.
Your natural rate of healing is unusually fast.
You are covered in fur. (AC +1)
You have tough skin. (AC +1)


Message History

The centaur warrior is moderately wounded.
The centaur warrior hits you. The centaur warrior kicks you.
The centaur warrior hits you!
The centaur warrior kicks you but does no damage.
You mangle the centaur warrior!!
The centaur warrior is severely wounded.
The centaur warrior hits you but does no damage.
The centaur warrior kicks you.
You barely miss the centaur warrior.
The centaur warrior is severely wounded.
The centaur warrior hits you. The centaur warrior kicks you.
You barely miss the centaur warrior.
The centaur warrior is severely wounded.
The centaur warrior hits you but does no damage.
The centaur warrior closely misses you.
You barely miss the centaur warrior.
The centaur warrior is severely wounded.
The centaur warrior hits you!
* * * LOW HITPOINT WARNING * * *
The centaur warrior closely misses you.
You barely miss the centaur warrior.
The centaur warrior is severely wounded.
The centaur warrior hits you but does no damage.
The centaur warrior closely misses you. The centaur warrior hits you!
* * * LOW HITPOINT WARNING * * *
The centaur warrior closely misses you.
You closely miss the centaur warrior.
The centaur warrior is heavily wounded.
The centaur warrior hits you.
* * * LOW HITPOINT WARNING * * *
The centaur warrior kicks you but does no damage.
You closely miss the centaur warrior.
The centaur warrior is heavily wounded.
The centaur warrior hits you!
* * * LOW HITPOINT WARNING * * *
The centaur warrior barely misses you.
You scratch the centaur warrior but do no damage.
The centaur warrior is heavily wounded.
The centaur warrior hits you!
You die...

#.#.).'...'(..#
§§§§#.#§
#.#...#...#...#
§§§§#.#§
#.##'#######+##
§§§§#_#§
#.#...#..)#
§§§§###
#.'...'.(.#
###...#..(#
##†##########
#...#...#...#
#...'...'@c.#
#...#.(.#...#
#############


You could see a centaur warrior.

Vanquished Creatures
  A boulder beetle (D:8)
  A two-headed ogre (D:8)
  2 cyclopes (D:8)
  A manticore (D:8)
  Grinder (D:6)
  Sigmund (D:6)
  A wraith (D:8)
  A basilisk (D:8)
  A steam dragon (D:7)
  2 humans (D:8)
  3 vampire mosquitoes (D:6)
  Edmund (D:6)
  An orc warrior (D:8)
  A water moccasin (D:5)
  2 black bears (D:8)
  Purgy (Sewer)
  An ice beast (D:7)
  A necrophage (D:5)
  2 centaurs
  A phantom (D:5)
  A kobold brigand (D:7)
  2 bullfrogs
  A wyvern zombie (D:8)
  3 scorpions (D:4)
  2 howler monkeys
  A centaur zombie (D:8)
  A jelly (D:5)
  An orc priest (D:5)
  2 centaur skeletons (D:7)
  An iron imp (D:5)
  2 hounds
  A bullfrog skeleton (D:6)
  4 orc wizards
  Terence (D:3)
  A killer bee zombie (D:8)
  A howler monkey zombie (D:5)
  6 adders
  2 ufetubi
  2 worms
  2 dart slugs
  22 orcs
  10 ball pythons
  7 endoplasms
  6 giant cockroaches
  14 goblins
  6 hobgoblins
  5 jackals
  6 quokkas
  7 bats
  3 frilled lizards
  10 kobolds
  5 rats
164 creatures vanquished.

Vanquished Creatures (others)
  A fungus (D:8)
  A plant (D:8)
2 creatures vanquished.

Grand Total: 166 creatures vanquished

Notes
Turn   | Place    | Note
-------+----------+-------------------------------------------
     0 | D:1      | pkoi the Troll Gladiator began the quest for the Orb.
     0 | D:1      | Reached XP level 1. HP: 19/19 MP: 0/0
    88 | D:1      | Reached XP level 2. HP: 27/27 MP: 1/1
    92 | D:1      | Found Ived's Antique Armour Shop.
   516 | D:1      | Reached skill level 4 in Unarmed Combat
   979 | D:2      | Reached XP level 3. HP: 33/33 MP: 2/2
  1109 | D:2      | Found a faded altar of an unknown god.
  1322 | D:2      | Reached XP level 4. HP: 34/41 MP: 3/3
  1539 | D:3      | Noticed Terence
  1543 | D:3      | Killed Terence
  1544 | D:3      | Reached skill level 5 in Unarmed Combat
  1662 | D:3      | Found a glowing drain.
  1679 | Sewer    | Entered a sewer
  1773 | Sewer    | Noticed Purgy
  1784 | Sewer    | Killed Purgy
  1785 | Sewer    | Reached skill level 6 in Unarmed Combat
  1785 | Sewer    | Reached XP level 5. HP: 37/48 MP: 4/4
  1943 | D:3      | Found an opulent altar of Gozag.
  2491 | D:4      | Found a staircase to the Ecumenical Temple.
  2503 | Temple   | Entered the Ecumenical Temple
  2661 | Temple   | Became a worshipper of Dithmenos the Shadowed
  2724 | D:4      | Reached skill level 7 in Unarmed Combat
  2724 | D:4      | Reached XP level 6. HP: 55/55 MP: 5/5
  3440 | D:5      | Entered Level 5 of the Dungeon
  3464 | D:5      | Found a shimmering blue altar of Sif Muna.
  3511 | D:5      | Reached skill level 8 in Unarmed Combat
  3561 | D:5      | Reached XP level 7. HP: 62/62 MP: 6/6
  3610 | D:5      | Found a snail-covered altar of Cheibriados.
  3778 | D:5      | Reached skill level 9 in Unarmed Combat
  4154 | D:6      | Noticed Sigmund
  4160 | D:6      | Killed Sigmund
  4160 | D:6      | Reached * piety under Dithmenos
  4161 | D:6      | Reached XP level 8. HP: 67/70 MP: 7/7
  4224 | D:6      | Noticed Edmund
  4230 | D:6      | Killed Edmund
  4231 | D:6      | Reached skill level 10 in Unarmed Combat
  4589 | D:6      | Reached skill level 11 in Unarmed Combat
  4727 | D:6      | Noticed Grinder
  4729 | D:6      | Paralysed by Grinder for 4 turns
  4738 | D:6      | Killed Grinder
  5053 | D:7      | Reached XP level 9. HP: 79/79 MP: 8/8
  5108 | D:7      | Reached skill level 1 in Armour
  5128 | D:7      | Reached ** piety under Dithmenos
  5180 | D:7      | You fall into a shaft and drop 1 floor!
  5181 | D:8      | Noticed a two-headed ogre
  5192 | D:8      | Killed a two-headed ogre
  5674 | D:8      | Found a stormy altar of Qazlal.
  5701 | D:8      | Found a basalt altar of Yredelemnul.
  5723 | D:8      | Reached skill level 12 in Unarmed Combat
  5949 | D:8      | Found a staircase to the Lair.
  5990 | D:8      | Found an iron altar of Okawaru.
  6324 | D:1      | Bought a heavy robe for 153 gold pieces
  6324 | D:1      | Identified the +1 robe of Fuaceblu {Will+ Str+6 Dex-5} (You
                  | bought it in a shop on level 1 of the Dungeon)
  6546 | D:8      | Noticed a boulder beetle
  6559 | D:8      | HP: 4/83 [boulder beetle (16)]
  6560 | D:8      | Killed a boulder beetle
  6561 | D:8      | Reached skill level 1 in Stealth
  6561 | D:8      | Reached XP level 10. HP: 6/92 MP: 9/9
  6636 | D:8      | Noticed a cyclops
  6647 | D:8      | Killed a cyclops
  6815 | D:8      | Noticed a cyclops
  6819 | D:8      | Killed a cyclops
  6854 | D:8      | Noticed a manticore
  6858 | D:8      | Killed a manticore
  6988 | D:8      | Noticed a centaur warrior
  7003 | D:8      | Slain by a centaur warrior

Illustrated notes

Levels and vault maps discovered:
D:1:      tarquinn_simple_flora_water_f, layout_loops_corners, serial_shops,
          nicolae_diamond_shop, minmay_misc_feat_more_columns,
          serial_bayou_crossing
D:2:      layout_rooms, basic_ecumenical_altar, minmay_between
D:3:      cheibrodos_greedy_goblins, layout_loops_ring,
          mainiacjoe_overflow_24_doors, cheibrodos_sewer_entry_sluice,
          hangedman_abyss_or_decor_lesser_grid, chequers_serial_rivers_room_a,
          chequers_serial_rivers_marsh, uniq_terence
D:4:      wander_river, layout_loops_cross, minmay_temple_entry_sparse_star,
          solitary_fountain
D:5:      layout_loops_ring, led_sif_pool, slow_altar_1
D:6:      layout_basic, due_unseen_surprise, uniq_edmund, uniq_sigmund,
          uniq_grinder
D:7:      layout_loops_ring, minivault_5
D:8:      layout_basic, nzn_wu_jian_contemplation,
          nicolae_qazlal_eye_of_the_storm, okawaru_humans,
          mainiacjoe_overflow_tiny_flanked, grunt_lair_entry_orc_guard_hut,
          minmay_evil_grid
Temple:   dshaligram_water_room_temple

Skill      XL: |  1  2  3  4  5  6  7  8  9 10 |
---------------+-------------------------------+-----
Unarmed Combat | 4 6 7 8 9 11 12 | 12.4
Throwing       | 2 4 |  4.7
Fighting       | 3 4 |  4.3
Armour         | 3 |  3.8
Dodging        | 4 |  4.8
Stealth        | 1 |  1.2

Action                   |  1- 3 |  4- 6 |  7- 9 | 10-12 || total
-------------------------+-------+-------+-------+-------++-------
Melee: Unarmed           |   109 |   122 |   206 |    39 ||   476
       Punch             |     1 |       |    10 |     6 ||    17
Throw: Javelin           |       |       |     4 |     3 ||     7
       Throwing net      |       |       |     1 |       ||     1
  Use: Scroll            |       |     8 |     2 |       ||    10
 Stab: Sleeping          |     2 |       |     1 |       ||     3
Armor: Robe              |    27 |    31 |       |    10 ||    68
       Troll leather arm |       |    17 |    70 |       ||    87
Dodge: Dodged            |    63 |    77 |   106 |    16 ||   262
